Map: Echo LE

Players

KiF1rE - Winner!

  • Race: Protoss Protoss
  • Spawn Location: 5:00

GoOdy

  • Race: Protoss Protoss
  • Spawn Location: 11:00

Event: LycanGTV LotV Beta Tournament 1

VOD

Have the link to the VOD?

Description

Time

  • Played on: April 2, 2015, 12:13 p.m.
  • Length: 4:13
Show
View Real Time Build Order
Export as new Build Order

KiF1rE Protoss - Winner!

Build Orders: Nexus First 

Get SALT Encoding   

  12  0:01  Probe  
  13  0:13  Probe  
  14  0:19  Pylon  
  14  0:37  Probe (Chrono Boost)  
  15  0:47  Probe (Chrono Boost)  
  16  0:54  Probe  
  17  0:59  Nexus  
  17  1:09  Gateway  
  17  1:13  Probe  
  18  1:19  Assimilator  
  18  1:25  Probe (Chrono Boost)  
  19  1:32  Pylon  
  19  1:36  Probe (Chrono Boost)  
  20  1:47  Assimilator  
  20  1:55  Cybernetics Core  
  20  1:57  Zealot (Chrono Boost)  
  20  2:00  Probe  
  23  2:07  Gateway  
  23  2:12  Probe  
  23  2:15  Probe  
  25  2:32  Mothership Core (Chrono Boost)  
  25  2:33  Adept (Chrono Boost)  
  30  2:45  Probe (Chrono Boost)  
  30  2:57  Stalker (Chrono Boost)  
  32  3:05  Stalker (Chrono Boost)  
  33  3:09  Gateway  
  33  3:14  Gateway  
  33  3:32  Probe (Chrono Boost)  
  34  3:37  Sentry  
  34  3:38  Sentry, Probe (Chrono Boost)  
  34  3:39  Gateway  
  37  3:47  Probe x2  
  39  3:59  Probe  
  41  4:04  Pylon  
Show
View Real Time Build Order
Export as new Build Order

GoOdy Protoss 

Build Orders:  

Get SALT Encoding   

  12  0:01  Probe  
  13  0:12  Pylon  
  13  0:17  Probe  
  14  0:31  Probe (Chrono Boost)  
  14  0:33  Gateway  
  16  0:43  Probe (Chrono Boost)  
  16  0:46  Pylon  
  17  0:50  Probe (Chrono Boost)  
  17  0:56  Assimilator  
  17  1:00  Probe  
  17  1:03  Assimilator  
  18  1:12  Probe  
  19  1:20  Cybernetics Core  
  19  1:24  Probe  
  20  1:29  Zealot (Chrono Boost)  
  22  1:39  Probe  
  23  1:41  Pylon  
  23  1:51  Probe  
  24  1:57  Adept (Chrono Boost)  
  24  1:58  Warp Gate (Chrono Boost)  
  26  2:03  Probe  
  27  2:15  Probe  
  28  2:17  Adept (Chrono Boost)  
  30  2:27  Probe  
  31  2:39  Probe  
  32  2:54  Nexus  
  32  2:55  Probe  
  33  3:07  Stalker (Chrono Boost)  
  33  3:18  Gateway  
  33  3:20  Gateway  
  33  3:33  Stalker  
  35  3:37  Gateway  
  33  3:44  Probe  
  34  3:56  Probe (Chrono Boost), Pylon  

Tags
 
Add a new tag
Caveats
  • Supply blocks, unpowered buildings, or Contaminate may cause inaccurate times.
  • Supply counts are checked every 10 seconds.